 Dungeon Crawl Stone Soup version 0.29-a0-414-g5075937ec3 (webtiles) character file.

Game seed: 5633722353346655592

95 purpskrrrp the Skirmisher (level 4, -1/49 HPs)
             Began as an Ogre Fighter on May 15, 2022.
             Was a Follower of Dithmenos.
             Killed by nerve-wracking pain
             ... invoked by an orc priest
              (14 damage)
             ... on level 3 of the Dungeon.
             The game lasted 00:08:02 (2179 turns).

purpskrrrp the Skirmisher (Ogre Fighter)            Turns: 2179, Time: 00:08:02

Health: -1/49      AC:  5    Str: 22    XL:     4   Next: 65%
Magic:  4/4        EV:  8    Int:  9    God:    Dithmenos [*.....]
Gold:   134        SH:  7    Dex:  8    Spells: 3/3 levels left

rFire   . . .      SeeInvis +   a - +0 war axe
rCold   . . .      Faith    .   c - +0 kite shield
rNeg    . . .      Spirit   .   m - +0 troll leather armour
rPois   .          Reflect  .   (helmet restricted)
rElec   .          Harm     .   (no cloak)
rCorr   .          Rampage  .   (gloves unavailable)
Will    .....                   (boots unavailable)
Stlth   +.........              (no amulet)
HPRegen 0.96/turn               h - ring of see invisible
MPRegen 0.09/turn               (no ring)

@: mighty, wreathed by umbra
A: large, unfitting armour, tough skin 1
a: Renounce Religion


You were on level 3 of the Dungeon.
You worshipped Dithmenos.
Dithmenos was aware of your devotion.
You visited 1 branch of the dungeon, and saw 3 of its levels.

You collected 134 gold pieces.

Inventory:

Hand Weapons
 a - a +0 war axe (weapon)
 k - a +0 mace
Missiles
 e - 6 poisoned darts (quivered)
 o - 2 javelins
Armour
 b - a +0 robe
 c - a +0 kite shield (worn)
 f - a +0 ring mail
 m - a +0 troll leather armour (worn)
Jewellery
 h - a ring of see invisible (left hand)
Scrolls
 g - 3 scrolls of identify {unknown}
 i - a scroll of vulnerability {unknown}
 l - a scroll of torment {unknown}
 p - a scroll of teleportation {unknown}
 q - a scroll of noise {unknown}
Potions
 d - a potion of might
 j - 2 potions of haste {unknown}
 n - a potion of attraction {unknown}
 r - a potion of invisibility {unknown}


   Skills:
 + Level 4.7 Fighting
 + Level 3.1 Axes
 + Level 0.2 Throwing
 + Level 0.1 Armour
 + Level 3.0 Dodging
 + Level 0.7 Stealth
 + Level 3.5 Shields


You had 3 spell levels left.
You didn't know any spells.
Your spell library contained the following spells:

 Spells                   Type           Power      Damage    Failure   Level
 Airstrike                Air            0%         N/A       100%        4
 Summon Lightning Spire   Summ/Air       0%         N/A       100%        4
 Lightning Bolt           Conj/Air       0%         1d11      100%        5
 Dispersal                Tloc           0%         N/A       100%        6
 Disjunction              Tloc           0%         N/A       100%        8


Dungeon Overview and Level Annotations

Branches:
Dungeon (3/15)

Altars:
Dithmenos


Innate Abilities, Weirdness & Mutations

You are too large for most types of armour.
You have tough skin. (AC +1)


Message History

The orc is almost dead.
The orc barely misses you. The orc hits you with a +0 whip.
You hit the orc.
You kill the orc!
Dithmenos accepts your kill.
You hit the orc.
The orc is lightly wounded.
The orc barely misses you. The orc hits you with a +0 club.
You slash the orc!
You kill the orc!
Dithmenos accepts your kill.
A worm comes into view.
You hit the orc priest but do no damage.
The orc priest completely misses you.
The orc priest looks satisfied for a moment.
You hit the orc priest.
The orc priest is lightly wounded.
You block the orc priest's attack.
You slash the orc priest!
The orc priest is heavily wounded.
The orc priest hits you with a +0 mace! You block the orc priest's attack.
You barely miss the orc priest.
The orc priest is heavily wounded.
The orc priest calls down the wrath of Beogh upon you.
Pain shoots through your body!
You hit the orc priest.
The orc priest is almost dead.
The orc priest calls down the wrath of Beogh upon you.
Beogh smites you!
* * * LOW HITPOINT WARNING * * *
The orc priest miscasts a cantrip.
You barely miss the orc priest.
The orc priest is almost dead.
The orc priest mumbles some strange prayers to Beogh against you.
Pain shoots through your body!
* * * LOW HITPOINT WARNING * * *
You feel very mighty all of a sudden.
The orc priest invokes the aid of Beogh against you.
Pain shoots through your body!
You die...

# #............#.#
#. #..#.#..#....#.#
.###..#.#..##..##.#
..#..#.#..##..##.#
#.#....#..##..##.#
#.#.......##..##.#
#.......#.##......
#.......#.##..##.#
#@#...#+# #..##..
#o##### ##.##..


wo# ...... .... ...... ...⌠. +...... ##..... #####.. ##..## .... ##.# You could
see a worm, an orc priest and an orc.

Vanquished Creatures
  An iguana (D:3)
  2 adders
  3 dart slugs
  2 orcs (D:3)
  4 ball pythons
  3 endoplasms
  6 goblins
  5 hobgoblins (D:1)
  2 kobolds
  3 quokkas (D:3)
  5 bats (D:1)
  2 frilled lizards (D:1)
  4 rats (D:1)
42 creatures vanquished.

Notes
Turn   | Place    | Note
-------+----------+-------------------------------------------
     0 | D:1      | purpskrrrp the Ogre Fighter began the quest for the Orb.
     0 | D:1      | Reached XP level 1. HP: 24/24 MP: 1/1
   155 | D:1      | Reached XP level 2. HP: 32/32 MP: 2/2
   460 | D:1      | Reached XP level 3. HP: 34/40 MP: 3/3
   509 | D:1      | You fall into a shaft and drop 1 floor!
  1369 | D:2      | Noticed a great orb of eyes
  1371 | D:2      | Found a faded altar of an unknown god.
  1373 | D:2      | Noticed a golden eye
  1474 | D:2      | Noticed a great orb of eyes
  1479 | D:2      | Noticed a golden eye
  1696 | D:2      | Prayed at the altar of an unknown god.
  1696 | D:2      | Became a worshipper of Dithmenos the Shadowed
  1696 | D:2      | Reached * piety under Dithmenos
  1887 | D:3      | Reached XP level 4. HP: 39/49 MP: 4/4
  2179 | D:3      | Killed from afar by an orc priest

Illustrated notes

Levels and vault maps discovered:
D:1:      dpeg_arrival_tiny_j, layout_basic
D:2:      layout_basic, hellmonk_ecumenical_altar_watching_god
D:3:      layout_basic, chequers_serial_rivers_small_b, grunt_ministairs_15,
          kennysheep_generic_room_14

Skill      XL: |  1  2  3  4 |
---------------+-------------+-----
Dodging        | 3 |  3.0
Axes           | 3 |  3.1
Fighting       | |  4.7
Throwing       | |  0.2
Armour         | |  0.1
Stealth        | |  0.7
Shields        | |  3.5

Action                   |  1- 3 |  4- 6 || total
-------------------------+-------+-------++-------
Melee: War axe           |   106 |    28 ||   134
Throw: Dart              |     5 |       ||     5
  Use: Potion            |       |     1 ||     1
Armor: Robe              |    33 |       ||    33
       Troll leather arm |     2 |     9 ||    11
Dodge: Dodged            |    47 |    14 ||    61
Block: Kite shield       |    44 |    10 ||    54

Table legend: (Time is in decaauts)
 A = Elapsed time spent in this place.
 B = Non-inter-level travel time spent in this place.
 C = Inter-level travel time spent in this place.
 D = Time resting spent in this place.
 E = Time spent auto-exploring this place.
 F = Levels seen in this place.
 G = Mean time per level.
                   A        B        C        D        E       F      G
               +--------+--------+--------+--------+--------+-----+--------+
         Total |   2249 |   2049 |    200 |    236 |   1399 |   3 |  749.7 |
       Dungeon |   2249 |   2049 |    200 |    236 |   1399 |   3 |  749.7 |
               +--------+--------+--------+--------+--------+-----+--------+

Top non-repeatable levels by time:
     D:1: 1012 daAuts
     D:2: 744 daAuts
     D:3: 492 daAuts
